 Dungeon Crawl Stone Soup version 0.22-a0-223-g0f5d773 (webtiles) character file.

1003 MatthieuS the Gusty (level 8, -10/46 HPs)
             Began as a Tengu Air Elementalist on Feb 18, 2018.
             Killed from afar by Caerwyn's ghost (15 damage)
             ... with a puff of frost
             ... on level 4 of the Dungeon.
             The game lasted 00:14:33 (3935 turns).

MatthieuS the Gusty (Tengu Air Elementalist)        Turns: 3935, Time: 00:14:34

Health: -10/46     AC:  6    Str: 11    XL:     8   Next: 20%
Magic:  2/16       EV: 11    Int: 17    God:
Gold:   137        SH:  5    Dex: 16    Spells: 10/16 levels left

rFire    . . .     SeeInvis .   a - +2 spear (venom)
rCold    . . .     Gourm    .   u - +0 buckler
rNeg     . . .     Faith    .   m - +0 ring mail
rPois    .         Spirit   .   (helmet restricted)
rElec    .         Reflect  .   (no cloak)
rCorr    .         Harm     .   i - +0 pair of gloves
MR       .....                  (boots unavailable)
Stlth    +.........             (no amulet)
HPRegen  0.15/turn              j - +3 ring of strength
MPRegen  0.15/turn              (no ring)

@: sluggish, very slightly contaminated, very slow
A: beak, talons 3, able to fly 1
a: Fly


You were on level 4 of the Dungeon.
You were hungry.

You visited 1 branch of the dungeon, and saw 4 of its levels.

You collected 137 gold pieces.

Inventory:

Hand Weapons
 a - a +2 spear of venom (weapon)
 q - a +2 short sword of protection
Armour
 i - a +0 pair of gloves (worn)
 m - a +0 ring mail (worn)
 s - a +1 leather armour of magic resistance
 u - a +0 buckler (worn)
Jewellery
 c - an uncursed amulet of faith {unknown}
 e - an uncursed amulet of the gourmand {unknown}
 j - a +3 ring of strength (left hand)
 t - an uncursed ring of fire
Wands
 d - a wand of flame (18)
 p - a wand of iceblast (4)
Scrolls
 f - a scroll of fog {unknown}
 g - a scroll of noise {unknown}
 h - 2 scrolls of teleportation
 l - a scroll of remove curse {unknown}
 n - 2 scrolls of amnesia {unknown}
 r - a scroll of immolation {unknown}
Comestibles
 b - 2 rations


   Skills:
 + Level 3.1 Fighting
 - Level 0.9 Short Blades
 + Level 2.8 Polearms
 - Level 3.1 Dodging
 - Level 2.0 Stealth
 + Level 2.5 Shields
 * Level 4.9 Spellcasting
 + Level 4.7 Conjurations
 + Level 6.2 Air Magic


You had 10 spell levels left.
You knew the following spells:

 Your Spells              Type           Power        Failure   Level  Hunger
a - Shock                 Conj/Air       ###.         4%          1    None
b - Swiftness             Chrm/Air       ##......     19%         2    #......
c - Static Discharge      Conj/Air       ###.....     13%         3    ###....


Dungeon Overview and Level Annotations

Branches:
Dungeon (4/15)
 Temple: D:4-7

Altars:
Gozag

Annotations:
D:4 Caerwyn's ghost, novice GnIE


Innate Abilities, Weirdness & Mutations

You have a beak for a mouth.
You have claws for feet.
You can fly.


Message History

You start to feel a little faster.
Caerwyn's ghost hits you but does no damage.
All of the chunks of flesh in your inventory have rotted away.
You miss Caerwyn's ghost. Your kick misses Caerwyn's ghost.
Caerwyn's ghost is severely damaged.
Caerwyn's ghost hits you but does no damage.
You hit Caerwyn's ghost.
Caerwyn's ghost is almost destroyed.
Caerwyn's ghost hits you.
* * * LOW HITPOINT WARNING * * *
You hit Caerwyn's ghost. Your kick misses Caerwyn's ghost.
You peck Caerwyn's ghost, but do no damage.
Caerwyn's ghost is almost destroyed.
Caerwyn's ghost hits you!
* * * LOW HITPOINT WARNING * * *
You hit Caerwyn's ghost.
Caerwyn's ghost is almost destroyed.
Caerwyn's ghost points at you and mumbles some strange words.
The puff of frost hits you!
You die...

.........#.# .#.#.###.#.# #.#
###.# #. #.#.#.#####.### #..
..............# #.#
#.#.######...## #.# #.#.# #...#
## #.###.#.# #...# ..#..##.#@#
#...# #.#..##.#W# #...# ..
#.#..##.#.# #...# ...
##.........######...######.
...##..#.......................
..........##.#.........#######.
.#.....#..##.#########.#
..........##.#.# ####.###.#
.............#.####........###


You could see Caerwyn's ghost.

Vanquished Creatures
  A two-headed ogre (D:4)
  A scorpion (D:4)
  A bullfrog skeleton (D:4)
  Jessica (D:3)
  5 orc wizards
  3 adders
  3 gnolls (D:3)
  5 worms
  3 dart slugs
  A leopard gecko (D:1)
  14 orcs
  A ball python (D:1)
  9 bats
  4 giant cockroaches
  4 goblins
  4 hobgoblins
  A quokka (D:3)
  3 frilled lizards
  11 kobolds
  4 rats
79 creatures vanquished.

Notes
Turn   | Place    | Note
-------+----------+-------------------------------------------
     0 | D:1      | MatthieuS the Tengu Air Elementalist began the quest for the Orb.
     0 | D:1      | Reached XP level 1. HP: 10/10 MP: 4/4
   367 | D:1      | Reached XP level 2. HP: 16/16 MP: 4/6
   482 | D:1      | Learned a level 2 spell: Swiftness
   962 | D:2      | Reached XP level 3. HP: 20/20 MP: 7/7
  1506 | D:2      | Reached skill level 1 in Fighting
  1506 | D:2      | Reached XP level 4. HP: 20/25 MP: 1/9
  1563 | D:2      | Learned a level 3 spell: Static Discharge
  2566 | D:3      | Found an opulent altar of Gozag.
  2569 | D:3      | Gained mutation: You can fly. [Tengu growth]
  2569 | D:3      | Reached XP level 5. HP: 29/29 MP: 10/10
  2863 | D:3      | Reached skill level 5 in Air Magic
  2975 | D:3      | Noticed Jessica
  2979 | D:3      | Killed Jessica
  3261 | D:4      | Noticed a two-headed ogre
  3367 | D:4      | Killed a two-headed ogre
  3367 | D:4      | Reached XP level 6. HP: 11/36 MP: 10/13
  3367 | D:4      | Reached XP level 7. HP: 12/40 MP: 10/14
  3460 | D:4      | Noticed Caerwyn's ghost (novice GnIE)
  3661 | D:4      | Reached skill level 6 in Air Magic
  3667 | D:4      | Reached XP level 8. HP: 30/45 MP: 14/16
  3935 | D:4      | Killed from afar by Caerwyn's ghost

Vault maps used:
D:1:      dpeg_arrival_lava_temple_mockup, minmay_large_rounded_square
D:3:      overflow_temple_1_default, first_ration, uniq_jessica
D:4:      minmay_temple_entry_overgrown

Skill      XL: |  1  2  3  4  5  6  7  8 |
---------------+-------------------------+-----
Conjurations   | 2 4 |  4.7
Fighting       | 1 2 3 |  3.1
Spellcasting   | 3 4 |  4.9
Dodging        | 3 |  3.1
Air Magic      | 5 6 |  6.2
Polearms       | 2 |  2.8
Shields        | 2 |  2.5
Short Blades   | |  0.9
Stealth        | |  2.0

Action                   |  1- 3 |  4- 6 |  7- 9 || total
-------------------------+-------+-------+-------++-------
Melee: Short sword       |    29 |    49 |       ||    78
       Peck              |     7 |     5 |     9 ||    21
       Kick              |     6 |     9 |    11 ||    26
       Unarmed           |     3 |       |       ||     3
       Spear             |       |    36 |    45 ||    81
 Cast: Shock             |    51 |    38 |       ||    89
       Swiftness         |       |     1 |     1 ||     2
       Static Discharge  |       |       |     3 ||     3
Evoke: Wand              |       |       |     4 ||     4
  Use: Scroll            |       |     4 |       ||     4
       Potion            |       |     3 |     2 ||     5
 Stab: Sleeping          |     1 |     1 |     1 ||     3
       Invisible         |       |     2 |       ||     2
       Distracted        |       |       |     1 ||     1
  Eat: Ration            |     2 |       |       ||     2
       Chunk             |       |     6 |     2 ||     8
Armor: Robe              |     7 |     2 |       ||     9
       Leather armour    |       |    15 |     4 ||    19
       Ring mail         |       |       |     7 ||     7
Dodge: Dodged            |    21 |    63 |    12 ||    96
Block: Buckler           |       |       |     4 ||     4

Table legend:
 A = Spawn XP
 B = Non-spawn XP
 C = Spawn XP percentage of total XP
 D = Spawn monster count
 E = Non-spawn monster count
 F = Spawn count percentage of total count
 G = Total turns spent on level
                    A         B        C        D         E        F      G
               +---------+---------+-------+---------+---------+-------+---------
         Total |       0 |    1434 |   0.0 |       0 |      79 |   0.0 |  3935
               +---------+---------+-------+---------+---------+-------+---------
           D:1 |       0 |      23 |   0.0 |       0 |      15 |   0.0 |   868
           D:2 |       0 |      68 |   0.0 |       0 |      20 |   0.0 |  1346
           D:3 |       0 |     185 |   0.0 |       0 |      30 |   0.0 |  1267
           D:4 |       0 |    1158 |   0.0 |       0 |      14 |   0.0 |   454
               +---------+---------+-------+---------+---------+-------+---------
